AoeStats
← Cerrahpaşalı Metin

Black Forest

509655569Analyzed
2v2 RM · 6d ago on Sep 27, 2026· 44m 12s· 4 players
Game mode
Random Map
Map size
Medium (4 player)
Population
200
Speed
Normal
Resources
Standard
Victory
Conquest
Starting age
Dark Age
Ending age
Imperial Age
RankedLock teamsTeams togetherTeam positionsShared explorationLock speedFull tech treeHidden civsTurbo modeCheats
Victory
Defeat
🇹🇷 Hindustanis · Türkiye
997
+16
🇹🇷 Chinese · Türkiye
991
+16
🇺🇸 Goths · United States
1024
-17
🇮🇳 Mongols · India
978
-15
Cerrahpaşalı Metin
0:26 Loom
11:47 Feudal Age
12:18 Double-Bit Axe
12:14 Horse Collar
13:12 Man-at-Arms
22:41 Castle Age
22:17 Town Watch
23:07 Wheelbarrow
22:30 Fletching
23:07 Long Swordsman
23:49 Squires
27:58 Bodkin Arrow
28:43 Bow Saw
29:08 Padded Archer Armor
29:19 Heavy Plow
34:38 Imperial Age
33:17 Forging
33:23 Leather Archer Armor
33:14 Scale Barding Armor
36:29 Chemistry
35:35 Shatagni
36:51 Iron Casting
36:51 Ring Archer Armor
36:21 Bracer
37:00 Iron Casting
36:42 Husbandry
36:52 Bloodlines
36:40 Light Cavalry
AlcatROX
0:28 Loom
18:12 Feudal Age
20:24 Stone Mining
21:39 Wheelbarrow
20:52 Double-Bit Axe
21:14 Gold Mining
22:13 Fishing Lines
26:37 Castle Age
25:33 Horse Collar
27:38 Hand Cart
27:36 Bow Saw
27:21 Gillnets
27:15 Horse Collar
33:40 Gold Shaft Mining
33:49 Stone Shaft Mining
37:11 Coinage
37:26 Heavy Plow
37:56 Caravan
38:06 Caravan
37:58 Fletching
38:08 Padded Archer Armor
42:39 Imperial Age
39:57 Town Watch
40:34 Bodkin Arrow
40:54 Leather Archer Armor
darkhorse
9:46 Loom
12:19 Feudal Age
13:04 Double-Bit Axe
13:00 Horse Collar
14:01 Fishing Lines
15:06 Wheelbarrow
19:44 Fletching
20:10 Gold Mining
21:19 Padded Archer Armor
23:37 Castle Age
21:39 Stone Mining
23:20 Town Watch
24:36 Bodkin Arrow
24:52 Bow Saw
25:00 Leather Archer Armor
25:19 Crossbowman
32:34 Thumb Ring
37:28 Imperial Age
36:32 Gold Shaft Mining
36:17 Hand Cart
36:48 Masonry
38:18 Bracer
sicANDtwisted
1:54 Loom
14:40 Feudal Age
15:19 Double-Bit Axe
15:17 Horse Collar
22:28 Castle Age
20:39 Gold Mining
20:43 Stone Mining
21:21 Forging
22:34 Scale Mail Armor
24:23 Squires
25:01 Iron Casting
28:21 Chain Mail Armor
28:23 Heavy Plow
28:42 Anarchy
33:39 Wheelbarrow
36:30 Imperial Age
35:44 Hand Cart
36:09 Bow Saw
37:36 Conscription
38:03 Elite Huskarl
40:21 Blast Furnace
Connection lost

Rejoining the realm…

Still unreachable

The connection could not be restored.

Session expired

The server has moved on; the page needs a fresh start.